| TOP OF THE 1ST |
|
Pulaski Yankees batting - Pitching for Burlington Royals : RHP Matthew Kane
|
|
Pitching: RHP Matthew Kane
|
|
|
Batting: LHB Dave Ortiz
|
0-0: Ground out 4-3 (Groundball, 4, EV 91.9 MPH)
|
|
Batting: SHB Dylan Best
|
0-0: Called Strike 0-1: Ball 1-1: DOUBLE (Flyball, 78XD, EV 97.5 MPH)
|
|
Batting: RHB Paul Ngumi
|
0-0: Fly out, F9 (Flyball, 89M, EV 93.1 MPH)
|
|
Batting: RHB Ken Stair
|
0-0: Swinging Strike 0-1: Ball 1-1: Ball 2-1: Called Strike 2-2: Foul Ball, location: 2F 2-2: Strikes out swinging
|
| Top of the 1st over - 0 runs, 1 hit, 0 errors, 1 left on base; Pulaski 0 - Burlington 0 |
| BOTTOM OF THE 1ST |
|
Burlington Royals batting - Pitching for Pulaski Yankees : LHP Gordon Jing
|
|
Pitching: LHP Gordon Jing
|
|
|
Batting: RHB Kyle Finney
|
0-0: Swinging Strike 0-1: Foul Ball, location: 2F 0-2: Strikes out swinging
|
|
Batting: RHB John Normand
|
0-0: Called Strike 0-1: Foul Ball, location: 2F 0-2: Strikes out swinging
|
|
Batting: RHB Simon Sultzbach
|
0-0: Ball 1-0: Foul Ball, location: 2F 1-1: Ball 2-1: Swinging Strike 2-2: Ground out 6-3 (Groundball, P, EV 86.2 MPH)
|
| Bottom of the 1st over - 0 runs, 0 hits, 0 errors, 0 left on base; Pulaski 0 - Burlington 0 |
| TOP OF THE 2ND |
|
Pulaski Yankees batting - Pitching for Burlington Royals : RHP Matthew Kane
|
|
Batting: RHB Jim O'Dwyer
|
0-0: Ball 1-0: Called Strike 1-1: Ground out 6-3 (Groundball, 6, EV 103.8 MPH)
|
|
Batting: RHB Jonathan Feldstein
|
0-0: Swinging Strike 0-1: Ball 1-1: Ball 2-1: Ball 3-1: SINGLE (Groundball, 56D, EV 101.9 MPH)
|
|
Batting: RHB Bailey Hays
|
0-0: Called Strike Jonathan Feldstein steals 2nd base 0-1: Foul Ball, location: 2F 0-2: Strikes out swinging
|
|
Batting: LHB Rip Log
|
0-0: Ball 1-0: Called Strike 1-1: Ball 2-1: Ground out U3 (Groundball, 3, EV 86.9 MPH)
|
| Top of the 2nd over - 0 runs, 1 hit, 0 errors, 1 left on base; Pulaski 0 - Burlington 0 |
| BOTTOM OF THE 2ND |
|
Burlington Royals batting - Pitching for Pulaski Yankees : LHP Gordon Jing
|
|
Batting: RHB Josh Massey
|
0-0: Ball 1-0: Ball 2-0: Called Strike 2-1: Ball 3-1: Called Strike 3-2: Base on Balls
|
|
Batting: RHB Esteban Acuna
|
0-0: Ball 1-0: Ball 2-0: Ball 3-0: Base on Balls Josh Massey to second
|
|
Batting: RHB Leo Lopez
|
0-0: Called Strike 0-1: Grounds into double play, 4-6-3 (Groundball, 4S, EV 83.1 MPH) Josh Massey to third
|
|
Batting: RHB Matt Weddle
|
0-0: Ball 1-0: Ball 2-0: Foul Ball, location: 2F 2-1: Foul Ball, location: 2F 2-2: Strikes out swinging
|
| Bottom of the 2nd over - 0 runs, 0 hits, 0 errors, 1 left on base; Pulaski 0 - Burlington 0 |
| TOP OF THE 3RD |
|
Pulaski Yankees batting - Pitching for Burlington Royals : RHP Matthew Kane
|
|
Batting: RHB Juan Perez
|
0-0: Called Strike 0-1: Ball 1-1: Hit by Pitch
|
|
Batting: LHB Dave Ortiz
|
0-0: Called Strike 0-1: DOUBLE (Line Drive, 9LD, EV 105.6 MPH) Juan Perez to third Runner from 3rd tries for Home, SAFE, no throw by RF
|
|
Batting: SHB Dylan Best
|
0-0: Ball 1-0: Fly out, F8 (Flyball, 8LS, EV 85.6 MPH)
|
|
Batting: RHB Paul Ngumi
|
0-0: Called Strike 0-1: Ball 1-1: Ball 2-1: Ball 3-1: Base on Balls
|
|
Batting: RHB Ken Stair
|
0-0: Called Strike 0-1: Ball Wild Pitch! Dave Ortiz to third Paul Ngumi to second 1-1: Fly out, F7 (Flyball, 78D, EV 82.5 MPH) Runner from 3rd tags up, SCORES, throw by LF
|
|
Batting: RHB Jim O'Dwyer
|
0-0: Ball 1-0: Ball 2-0: Swinging Strike 2-1: Foul Ball, location: 2F 2-2: Strikes out swinging
|
| Top of the 3rd over - 2 runs, 1 hit, 0 errors, 1 left on base; Pulaski 2 - Burlington 0 |
| BOTTOM OF THE 3RD |
|
Burlington Royals batting - Pitching for Pulaski Yankees : LHP Gordon Jing
|
|
Batting: RHB Nick Spriggs
|
0-0: Ball 1-0: Ground out 5-3 (Groundball, 56, EV 111.9 MPH)
|
|
Batting: RHB Danny Jefferies
|
0-0: Ball 1-0: Ball 2-0: Ground out 5-3 (Groundball, 56S, EV 83.8 MPH)
|
|
Batting: RHB Kyle Finney
|
0-0: Foul Ball, location: 2F 0-1: Ball 1-1: SINGLE (Groundball, 6MD, EV 96.2 MPH)
|
|
Batting: RHB John Normand
|
0-0: Called Strike 0-1: DOUBLE (Line Drive, 8LD, EV 101.9 MPH) Kyle Finney to third Runner from 3rd tries for Home, SAFE, throw by CF to home
|
|
Batting: RHB Simon Sultzbach
|
0-0: Fly out, F8 (Line Drive, 8RD, EV 92.5 MPH)
|
| Bottom of the 3rd over - 1 run, 2 hits, 0 errors, 1 left on base; Pulaski 2 - Burlington 1 |
| TOP OF THE 4TH |
|
Pulaski Yankees batting - Pitching for Burlington Royals : RHP Matthew Kane
|
|
Batting: RHB Jonathan Feldstein
|
0-0: Ball 1-0: Ball 2-0: Foul Ball, location: 2F 2-1: Foul Ball, location: 2F 2-2: Ground out 6-3 (Groundball, 6, EV 90.6 MPH)
|
|
Batting: RHB Bailey Hays
|
0-0: SOLO HOME RUN (Flyball, 89XD, EV 103.1 MPH), Distance : 408 ft
|
|
Batting: LHB Rip Log
|
0-0: Ball 1-0: Called Strike 1-1: Swinging Strike 1-2: Strikes out looking
|
|
Batting: RHB Juan Perez
|
0-0: Ground out 6-3 (Groundball, 6, EV 100.6 MPH)
|
| Top of the 4th over - 1 run, 1 hit, 0 errors, 0 left on base; Pulaski 3 - Burlington 1 |
| BOTTOM OF THE 4TH |
|
Burlington Royals batting - Pitching for Pulaski Yankees : LHP Gordon Jing
|
|
Batting: RHB Josh Massey
|
0-0: Ball 1-0: Called Strike 1-1: Ball 2-1: Ball 3-1: Base on Balls
|
|
Batting: RHB Esteban Acuna
|
0-0: Called Strike 0-1: Ball 1-1: Called Strike 1-2: Foul Ball, location: 2F 1-2: Ball 2-2: Foul Ball, location: 2F 2-2: Foul Ball, location: 2F 2-2: Reached on error, E5 (Groundball, 56, EV 100.6 MPH) Josh Massey to second
|
|
Batting: RHB Leo Lopez
|
0-0: Called Strike 0-1: Fly out, F8 (Flyball, 89M, EV 80.0 MPH)
|
|
Batting: RHB Matt Weddle
|
0-0: Called Strike 0-1: Called Strike 0-2: Foul Ball, location: 2F 0-2: Ball 1-2: Ball 2-2: SINGLE (Groundball, 6MD, EV 105.6 MPH) Josh Massey to third Esteban Acuna to second
|
|
Batting: RHB Nick Spriggs
|
0-0: Ball 1-0: Foul Ball, location: 2F 1-1: Foul Ball, location: 2F 1-2: Ball 2-2: Strikes out swinging
|
|
Batting: RHB Danny Jefferies
|
0-0: Ball 1-0: Foul Ball, location: 2F 1-1: Foul Ball, location: 2F 1-2: Fielders Choice at 2nd, 6-4 (Groundball, 6, EV 80.0 MPH)
|
| Bottom of the 4th over - 0 runs, 1 hit, 1 error, 3 left on base; Pulaski 3 - Burlington 1 |
| TOP OF THE 5TH |
|
Pulaski Yankees batting - Pitching for Burlington Royals : RHP Matthew Kane
|
|
Batting: LHB Dave Ortiz
|
0-0: Ball 1-0: Swinging Strike 1-1: Ball 2-1: Ground out U3 (Groundball, 3, EV 79.4 MPH)
|
|
Batting: SHB Dylan Best
|
0-0: Ball 1-0: Foul Ball, location: 2F 1-1: Ball 2-1: Ball 3-1: Fly out, F8 (Flyball, 8RD, EV 100.0 MPH)
|
|
Batting: RHB Paul Ngumi
|
0-0: Swinging Strike 0-1: SINGLE (Line Drive, 8RS, EV 108.1 MPH)
|
|
Batting: RHB Ken Stair
|
0-0: Ball Paul Ngumi steals 2nd, throwing error, E2 Paul Ngumi to third 1-0: Ball 2-0: SINGLE (Line Drive, 8LS, EV 92.5 MPH) Paul Ngumi scores
|
|
Batting: RHB Jim O'Dwyer
|
0-0: Ball 1-0: Ball 2-0: Called Strike 2-1: Foul Ball, location: 2F 2-2: Foul Ball, location: 2F 2-2: Fly out, F7 (Flyball, 7LM, EV 88.8 MPH)
|
| Top of the 5th over - 1 run, 2 hits, 1 error, 1 left on base; Pulaski 4 - Burlington 1 |
| BOTTOM OF THE 5TH |
|
Burlington Royals batting - Pitching for Pulaski Yankees : LHP Gordon Jing
|
|
Batting: RHB Kyle Finney
|
0-0: Ball 1-0: Called Strike 1-1: Ball 2-1: Called Strike 2-2: Ball 3-2: Ground out 6-3 (Groundball, 6, EV 88.1 MPH)
|
|
Batting: RHB John Normand
|
0-0: Foul Ball, location: 2F 0-1: Swinging Strike 0-2: Foul Ball, location: 2F 0-2: Foul Ball, location: 2F 0-2: DOUBLE (Line Drive, 89D, EV 106.2 MPH)
|
|
Batting: RHB Simon Sultzbach
|
0-0: Ball 1-0: Ball 2-0: Ball 3-0: Base on Balls
|
|
Batting: RHB Josh Massey
|
0-0: Called Strike 0-1: Ball 1-1: Foul Ball, location: 2F 1-2: Strikes out swinging
|
|
Batting: RHB Esteban Acuna
|
0-0: Hit by Pitch John Normand to third Simon Sultzbach to second
|
|
Batting: RHB Leo Lopez
|
0-0: Fly out, F8 (Flyball, 8RM, EV 78.1 MPH)
|
| Bottom of the 5th over - 0 runs, 1 hit, 0 errors, 3 left on base; Pulaski 4 - Burlington 1 |
| TOP OF THE 6TH |
|
Pulaski Yankees batting - Pitching for Burlington Royals : RHP Matthew Kane
|
|
Batting: RHB Jonathan Feldstein
|
0-0: Called Strike 0-1: Called Strike 0-2: Ball 1-2: Ball 2-2: Foul Ball, location: 2F 2-2: Strikes out swinging
|
|
Pitching: RHP Ryan Robbins
|
|
|
Batting: RHB Bailey Hays
|
0-0: Ball 1-0: Ball 2-0: Called Strike 2-1: Foul Ball, location: 2F 2-2: Ball 3-2: DOUBLE (Groundball, 5L, EV 106.2 MPH)
|
|
Batting: LHB Rip Log
|
0-0: Ball 1-0: Fly out, F9 (Flyball, 9LM, EV 87.5 MPH) Runner from 2nd tags up, SAFE at 3rd, no throw by RF
|
|
Batting: RHB Juan Perez
|
0-0: Swinging Strike 0-1: Swinging Strike 0-2: Ball 1-2: Ball 2-2: Strikes out swinging
|
| Top of the 6th over - 0 runs, 1 hit, 0 errors, 1 left on base; Pulaski 4 - Burlington 1 |
| BOTTOM OF THE 6TH |
|
Burlington Royals batting - Pitching for Pulaski Yankees : LHP Gordon Jing
|
|
Batting: RHB Matt Weddle
|
0-0: Ball 1-0: Ball 2-0: Foul Ball, location: 2F 2-1: Swinging Strike 2-2: Foul Ball, location: 2F 2-2: Foul Ball, location: 2F 2-2: Strikes out swinging
|
|
Batting: RHB Nick Spriggs
|
0-0: Foul Ball, location: 2F 0-1: Hit by Pitch
|
|
Batting: RHB Danny Jefferies
|
0-0: Ball 1-0: SINGLE (Groundball, 4M, EV 95.6 MPH) Nick Spriggs to second
|
|
Pitching: RHP Yoshida Abe
|
|
|
Batting: RHB Kyle Finney
|
0-0: Ball 1-0: Called Strike Nick Spriggs is caught stealing 3rd base 2-5 1-1: Foul Ball, location: 2F 1-2: Strikes out swinging
|
| Bottom of the 6th over - 0 runs, 1 hit, 0 errors, 1 left on base; Pulaski 4 - Burlington 1 |
| TOP OF THE 7TH |
|
Pulaski Yankees batting - Pitching for Burlington Royals : RHP Ryan Robbins
|
|
Batting: LHB Dave Ortiz
|
0-0: Ball 1-0: Foul Ball, location: 2F 1-1: SOLO HOME RUN (Flyball, 89XD, EV 106.2 MPH), Distance : 394 ft
|
|
Batting: SHB Dylan Best
|
0-0: Called Strike 0-1: Ball 1-1: SOLO HOME RUN (Flyball, 7LD, EV 96.2 MPH), Distance : 342 ft
|
|
Pitching: LHP David Wright
|
|
|
Batting: RHB Paul Ngumi
|
0-0: Called Strike 0-1: Foul Ball, location: 2F 0-2: Ball 1-2: Ground out 6-3 (Groundball, 6, EV 83.8 MPH)
|
|
Batting: RHB Ken Stair
|
0-0: Called Strike 0-1: Foul Ball, location: 2F 0-2: Ball 1-2: Strikes out swinging
|
|
Batting: RHB Jim O'Dwyer
|
0-0: Ball 1-0: Called Strike 1-1: Swinging Strike 1-2: Foul Ball, location: 2F 1-2: Ball 2-2: Foul Ball, location: 2F 2-2: Ball 3-2: Strikes out looking
|
| Top of the 7th over - 2 runs, 2 hits, 0 errors, 0 left on base; Pulaski 6 - Burlington 1 |
| BOTTOM OF THE 7TH |
|
Burlington Royals batting - Pitching for Pulaski Yankees : RHP Yoshida Abe
|
|
Batting: RHB John Normand
|
0-0: Fly out, F4 (Popup, 4S, EV 67.5 MPH)
|
|
Batting: RHB Simon Sultzbach
|
0-0: Called Strike 0-1: Swinging Strike 0-2: Ball 1-2: Ground out 4-3 (Groundball, 4, EV 86.9 MPH)
|
|
Batting: RHB Josh Massey
|
0-0: Ball 1-0: Ball 2-0: Called Strike 2-1: Swinging Strike 2-2: Ball 3-2: Strikes out swinging
|
| Bottom of the 7th over - 0 runs, 0 hits, 0 errors, 0 left on base; Pulaski 6 - Burlington 1 |
| TOP OF THE 8TH |
|
Pulaski Yankees batting - Pitching for Burlington Royals : LHP David Wright
|
|
Batting: RHB Jonathan Feldstein
|
0-0: Ball 1-0: Called Strike 1-1: Swinging Strike 1-2: Strikes out looking
|
|
Pitching: LHP Omar Nogueira
|
|
|
Batting: RHB Bailey Hays
|
0-0: Ball 1-0: SINGLE (Groundball, 6MD, EV 100.6 MPH)
|
|
Pinch Hitting: LHB Victor Reyna
|
0-0: Ball Wild Pitch! Bailey Hays to second 1-0: Called Strike 1-1: Ball 2-1: SINGLE (Groundball, 34D, EV 108.8 MPH) Bailey Hays to third Runner from 3rd tries for Home, SAFE, throw by RF to home
|
|
Batting: RHB Juan Perez
|
0-0: Ball 1-0: Called Strike 1-1: Foul Ball, location: 2F 1-2: Ball 2-2: Strikes out swinging Victor Reyna is caught stealing 2nd base 2-4 Batter strikes out.
|
| Top of the 8th over - 1 run, 2 hits, 0 errors, 0 left on base; Pulaski 7 - Burlington 1 |
| BOTTOM OF THE 8TH |
|
Burlington Royals batting - Pitching for Pulaski Yankees : RHP Yoshida Abe
|
|
Now in RF: Victor Reyna
|
|
|
Batting: RHB Esteban Acuna
|
0-0: Ball 1-0: Ball 2-0: Swinging Strike 2-1: Foul Ball, location: 2F 2-2: Ball 3-2: Foul Ball, location: 2F 3-2: Foul Ball, location: 2F 3-2: Strikes out swinging
|
|
Pinch Hitting: SHB Gary Woodroffe
|
0-0: Ball 1-0: Ball 2-0: Foul Ball, location: 2F 2-1: Foul Ball, location: 2F 2-2: Strikes out looking
|
|
Pinch Hitting: RHB Chris Stec
|
0-0: Foul Ball, location: 2F 0-1: Ball 1-1: Foul Ball, location: 2F 1-2: Ball 2-2: Strikes out swinging
|
| Bottom of the 8th over - 0 runs, 0 hits, 0 errors, 0 left on base; Pulaski 7 - Burlington 1 |
| TOP OF THE 9TH |
|
Pulaski Yankees batting - Pitching for Burlington Royals : LHP Omar Nogueira
|
|
Now at 1B: Chris Stec
|
|
|
Now in LF: Ramiro Castillo
|
|
|
Batting: LHB Dave Ortiz
|
0-0: Ball 1-0: Foul Ball, location: 2F 1-1: Ball 2-1: Ball 3-1: Foul Ball, location: 2F 3-2: Foul Ball, location: 2F 3-2: Base on Balls
|
|
Pitching: RHP David Bialas
|
|
|
Batting: SHB Dylan Best
|
0-0: Ball 1-0: Called Strike 1-1: Foul Ball, location: 2F 1-2: Hit by Pitch Dave Ortiz to second
|
|
Batting: RHB Paul Ngumi
|
0-0: Swinging Strike 0-1: Ball 1-1: Called Strike 1-2: SINGLE (Groundball, 6MD, EV 99.4 MPH) Dave Ortiz to third Dylan Best to second
|
|
Batting: RHB Ken Stair
|
0-0: Ball 1-0: Ball Wild Pitch! Dave Ortiz scores Dylan Best to third Paul Ngumi to second 2-0: Called Strike 2-1: Fly out, F9 (Line Drive, 9S, EV 91.9 MPH)
|
|
Batting: RHB Jim O'Dwyer
|
0-0: 3-RUN HOME RUN (Flyball, 7LD, EV 95.0 MPH), Distance : 355 ft
|
|
Pinch Hitting: LHB Troy Jones
|
0-0: Ball 1-0: Foul Ball, location: 2F 1-1: Called Strike 1-2: Ground out 1-3 (Groundball, 25, EV 62.5 MPH)
|
|
Batting: RHB Bailey Hays
|
0-0: Ball 1-0: Ball 2-0: Ball 3-0: Called Strike 3-1: Fly out, F8 (Flyball, 8RXD, EV 85.0 MPH)
|
| Top of the 9th over - 4 runs, 2 hits, 0 errors, 0 left on base; Pulaski 11 - Burlington 1 |
| BOTTOM OF THE 9TH |
|
Burlington Royals batting - Pitching for Pulaski Yankees : RHP Yoshida Abe
|
|
Pitching: LHP Jordan Medina
|
|
|
Now at 3B: Dylan Best
|
|
|
Now in CF: Troy Jones
|
|
|
Pinch Hitting: LHB Javy Rueda
|
0-0: Ball 1-0: Called Strike 1-1: SINGLE (Groundball, 34D, EV 98.8 MPH)
|
|
Pinch Hitting: RHB Luis Mendoza
|
0-0: Called Strike 0-1: Ball 1-1: Ball 2-1: Ball 3-1: Base on Balls Javy Rueda to second
|
|
Batting: RHB Kyle Finney
|
0-0: Called Strike 0-1: Called Strike 0-2: Ball 1-2: Ball 2-2: Fielders Choice at 2nd, 4-6 (Groundball, 4M, EV 102.5 MPH) Javy Rueda to third
|
|
Batting: RHB John Normand
|
0-0: Fly out, F9 (Flyball, 9D, EV 109.4 MPH) Runner from 3rd tags up, SCORES, no throw by RF
|
|
Batting: RHB Simon Sultzbach
|
0-0: Called Strike 0-1: Ball 1-1: Called Strike 1-2: Hit by Pitch Kyle Finney to second
|
|
Batting: RHB Josh Massey
|
0-0: Ball 1-0: Ball 2-0: Called Strike 2-1: Foul Ball, location: 2F 2-2: Strikes out swinging
|
| Bottom of the 9th over - 1 run, 1 hit, 0 errors, 2 left on base; Pulaski 11 - Burlington 2 |
|